 Dungeon Crawl Stone Soup version 0.23.2-1-ga50397a6bc (webtiles) character file.

Game seed: 1808236547095135364

427 Freyura the Ducker (level 6, 0/53 HPs)
             Began as a Gnoll Monk on May 9, 2019.
             Slain by an orc priest (6 damage)
             ... on level 5 of the Dungeon.
             The game lasted 00:12:10 (3599 turns).

Freyura the Ducker (Gnoll Monk)                     Turns: 3599, Time: 00:12:11

Health: 0/53       AC:  7    Str: 14    XL:     6   Next: 97%
Magic:  9/9        EV: 17    Int: 12    God:
Gold:   184        SH:  0    Dex: 19    Spells: 9/9 levels left

rFire    . . .     SeeInvis .   v - +3 flail
rCold    + . .     Gourm    .   (no shield)
rNeg     . . .     Faith    .   b - +0 robe
rPois    .         Spirit   .   (no helmet)
rElec    .         Reflect  .   u - +0 cloak
rCorr    .         Harm     .   (no gloves)
MR       .....                  (no boots)
Stlth    +++.......             (no amulet)
HPRegen  0.17/turn              q - ring of protection from cold
MPRegen  0.11/turn              r - +4 ring of protection

@: no status effects
A: distributed training, fangs 1, strong nose
a: no special abilities


You were on level 5 of the Dungeon.
You were not hungry.

You visited 1 branch of the dungeon, and saw 5 of its levels.

You collected 184 gold pieces.

Inventory:

Hand Weapons
 a - a +0 mace
 v - a +3 flail (weapon)
Armour
 b - a +0 robe (worn)
 u - a +0 cloak (worn)
Jewellery
 q - a ring of protection from cold (left hand)
 r - a +4 ring of protection (right hand)
 t - an uncursed amulet of the acrobat {unknown}
Scrolls
 e - a scroll of amnesia {unknown}
 f - 4 scrolls of remove curse {unknown}
 h - 5 scrolls of teleportation {unknown}
 i - 3 scrolls of enchant armour {unknown}
 j - 7 scrolls of identify {unknown}
 k - 2 scrolls of blinking {unknown}
 l - 3 scrolls of fog {unknown}
 s - a scroll of magic mapping {unknown}
Potions
 d - 3 potions of mutation {unknown}
 g - 2 potions of degeneration {unknown}
 m - 3 potions of lignification {unknown}
 n - 3 potions of curing {unknown}
 o - a potion of berserk rage {unknown}
 p - 2 potions of heal wounds {unknown}
Comestibles
 c - 5 rations


   Skills:
 + Level 6.9 Fighting
 + Level 2.1 Short Blades
 + Level 2.1 Long Blades
 + Level 2.1 Axes
 + Level 6.9 Maces & Flails
 + Level 2.1 Polearms
 + Level 2.1 Staves
 + Level 2.1 Slings
 + Level 2.1 Bows
 + Level 2.1 Crossbows
 + Level 2.1 Throwing
 + Level 2.1 Armour
 + Level 6.9 Dodging
 + Level 4.7 Stealth
 + Level 2.1 Shields
 + Level 2.1 Unarmed Combat
 + Level 2.1 Spellcasting
 + Level 1.7 Conjurations
 + Level 1.7 Hexes
 + Level 1.7 Charms
 + Level 1.7 Summonings
 + Level 1.7 Necromancy
 + Level 1.7 Translocations
 + Level 1.7 Transmutations
 + Level 1.7 Fire Magic
 + Level 1.7 Ice Magic
 + Level 1.7 Air Magic
 + Level 1.7 Earth Magic
 + Level 1.7 Poison Magic
 + Level 2.3 Invocations
 + Level 2.1 Evocations


You had 9 spell levels left.
You didn't know any spells.
Your spell library was empty.

Dungeon Overview and Level Annotations

Branches:
Dungeon (5/15)             Temple (0/1) D:4

Altars:


Innate Abilities, Weirdness & Mutations

Your experience applies equally to all skills.
You have very sharp teeth.
Your uncanny sense of smell can sniff out nearby items.


Message History

The orc is almost dead.
The orc misses you.
You hit the orc.
You kill the orc!
The orc priest mumbles some strange prayers to Beogh against you.
Beogh smites you!
You hit the orc.
The orc is heavily wounded.
The orc misses you.
You hit the orc.
You kill the orc!
You barely miss the orc priest.
The orc priest mumbles some strange prayers to Beogh against you.
Beogh smites you!
* * * LOW HITPOINT WARNING * * *
You closely miss the orc priest. The orc priest hits you.
* * * LOW HITPOINT WARNING * * *
The orc priest misses you.
You closely miss the orc priest. The orc priest hits you.
You die...

.# #.# #.# #.# ## #$#
∆.. #.#
##.##.#######.#######
......o@.....(.......
##.#..#####.#.#####.
#. #.#.....# #
#.#####.# #.. #.# #
##########.#.# ∆
...........#.###
###########.........
...................


You could see an orc priest.

Vanquished Creatures
  Sigmund (D:3)
  An orc wizard (D:5)
  A hound (D:4)
  Crazy Yiuf (D:3)
  Jessica (D:3)
  A gnoll (D:4)
  3 adders
  A shadow imp (D:5)
  7 worms
  4 dart slugs
  2 leopard geckos
  10 orcs
  2 giant cockroaches
  3 goblins
  6 hobgoblins
  8 jackals
  2 quokkas (D:2)
  5 ball pythons
  7 bats
  6 kobolds
  A quokka skeleton (D:4)
  7 rats
80 creatures vanquished.

Notes
Turn   | Place    | Note
-------+----------+-------------------------------------------
     0 | D:1      | Freyura the Gnoll Monk began the quest for the Orb.
     0 | D:1      | Reached XP level 1. HP: 23/23 MP: 1/1
   132 | D:1      | Reached XP level 2. HP: 25/29 MP: 2/2
   644 | D:2      | Reached XP level 3. HP: 25/35 MP: 3/3
  1056 | D:2      | Reached skill level 1 in Invocations
  1451 | D:2      | Reached skill level 1 in Short Blades
  1451 | D:2      | Reached skill level 1 in Long Blades
  1451 | D:2      | Reached skill level 1 in Axes
  1451 | D:2      | Reached skill level 1 in Polearms
  1451 | D:2      | Reached skill level 1 in Staves
  1451 | D:2      | Reached skill level 1 in Slings
  1451 | D:2      | Reached skill level 1 in Bows
  1451 | D:2      | Reached skill level 1 in Crossbows
  1451 | D:2      | Reached skill level 1 in Throwing
  1451 | D:2      | Reached skill level 1 in Armour
  1451 | D:2      | Reached skill level 1 in Shields
  1451 | D:2      | Reached skill level 1 in Unarmed Combat
  1451 | D:2      | Reached skill level 1 in Spellcasting
  1451 | D:2      | Reached skill level 1 in Evocations
  1523 | D:2      | Reached XP level 4. HP: 34/41 MP: 5/5
  1885 | D:3      | Noticed Sigmund
  1901 | D:3      | Killed Sigmund
  1901 | D:3      | Reached skill level 1 in Conjurations
  1901 | D:3      | Reached skill level 1 in Hexes
  1901 | D:3      | Reached skill level 1 in Charms
  1901 | D:3      | Reached skill level 1 in Summonings
  1901 | D:3      | Reached skill level 1 in Necromancy
  1901 | D:3      | Reached skill level 1 in Translocations
  1901 | D:3      | Reached skill level 1 in Transmutations
  1901 | D:3      | Reached skill level 1 in Fire Magic
  1901 | D:3      | Reached skill level 1 in Ice Magic
  1901 | D:3      | Reached skill level 1 in Air Magic
  1901 | D:3      | Reached skill level 1 in Earth Magic
  1901 | D:3      | Reached skill level 1 in Poison Magic
  1901 | D:3      | Reached XP level 5. HP: 28/47 MP: 5/7
  1901 | D:3      | Reached XP level 6. HP: 32/53 MP: 5/8
  2193 | D:3      | Noticed Jessica
  2201 | D:3      | Killed Jessica
  2644 | D:3      | Found a runed translucent door.
  2645 | D:3      | Noticed Crazy Yiuf
  2937 | D:3      | Paralysed by Crazy Yiuf for 3 turns
  2948 | D:3      | Killed Crazy Yiuf
  3497 | D:4      | Found a staircase to the Ecumenical Temple.
  3540 | D:5      | Entered Level 5 of the Dungeon
  3599 | D:5      | Slain by an orc priest

Skill      XL: |  1  2  3  4  5  6 |
---------------+-------------------+-----
Invocations    | 1 2 |  2.3
Short Blades   | 1 2 |  2.1
Long Blades    | 1 2 |  2.1
Axes           | 1 2 |  2.1
Polearms       | 1 2 |  2.1
Staves         | 1 2 |  2.1
Slings         | 1 2 |  2.1
Bows           | 1 2 |  2.1
Crossbows      | 1 2 |  2.1
Throwing       | 1 2 |  2.1
Armour         | 1 2 |  2.1
Shields        | 1 2 |  2.1
Unarmed Combat | 1 2 |  2.1
Spellcasting   | 1 2 |  2.1
Evocations     | 1 2 |  2.1
Conjurations   | 1 |  1.7
Hexes          | 1 |  1.7
Charms         | 1 |  1.7
Summonings     | 1 |  1.7
Necromancy     | 1 |  1.7
Translocations | 1 |  1.7
Transmutations | 1 |  1.7
Fire Magic     | 1 |  1.7
Ice Magic      | 1 |  1.7
Air Magic      | 1 |  1.7
Earth Magic    | 1 |  1.7
Poison Magic   | 1 |  1.7
Fighting       | |  6.9
Maces & Flails | |  6.9
Dodging        | |  6.9
Stealth        | |  4.7

Action                   |  1- 3 |  4- 6 || total
-------------------------+-------+-------++-------
Melee: Mace              |   114 |   144 ||   258
       Bite              |    10 |    19 ||    29
       Flail             |       |    33 ||    33
       Punch             |       |     2 ||     2
 Stab: Sleeping          |     4 |     8 ||    12
  Eat: Chunk             |     1 |     8 ||     9
Armor: Robe              |    10 |    30 ||    40
Dodge: Dodged            |    82 |   149 ||   231
